Map: Ever Dream LE

Players

NYK - Winner!

  • Race: Zerg Zerg
  • League: Grandmaster
  • Spawn Location: 7:00

MrRager

  • Race: Terran Terran
  • League: Grandmaster
  • Spawn Location: 1:00

VOD

Have the link to the VOD?

Description

Time

  • Played on: March 23, 2020, 11:45 a.m.
  • Length: 27:31
Show
View Real Time Build Order
Export as new Build Order

NYK Zerg - Winner!

Build Orders: Hatch First 

Get SALT Encoding   

  12  0:00  Drone  
  13  0:13  Overlord  
  13  0:23  Drone  
  14  0:34  Drone x2  
  16  0:50  Hatchery  
  16  0:52  Drone  
  16  0:57  Drone  
  16  0:59  Drone  
  18  1:12  Extractor  
  18  1:16  Spawning Pool  
  18  1:17  Drone  
  17  1:20  Drone  
  18  1:29  Drone  
  19  1:42  Drone  
  20  1:52  Overlord  
  20  2:04  Queen x2  
  20  2:05  Zergling x4  
  26  2:21  Hatchery  
  25  2:23  Metabolic Boost  
  25  2:28  Drone  
  25  2:29  Drone  
  27  2:32  Drone  
  27  2:35  Drone  
  29  2:45  Queen  
  29  2:49  Overlord  
  31  3:00  Drone x4  
  31  3:02  Drone  
  36  3:08  Overlord  
  34  3:29  Baneling Nest  
  34  3:34  Overlord, Drone  
  34  3:35  Zergling x2  
  34  3:36  Zergling x8  
  39  3:41  Queen  
  39  3:45  Overlord  
  39  3:46  Drone x2  
  43  3:54  Drone  
  44  3:57  Lair  
  44  4:00  Queen  
  46  4:09  Drone x5  
  51  4:10  Drone  
  51  4:12  Drone  
  53  4:27  Zergling x10, Extractor  
  57  4:38  Queen x2  
  61  4:46  Overlord  
  61  4:47  Drone x5  
  66  4:52  Baneling  
  66  4:53  Baneling x2  
  66  4:56  Overlord x2  
  66  4:58  Centrifical Hooks  
  66  5:13  Baneling  
  65  5:14  Zergling x2  
  65  5:15  Zergling x18  
  75  5:23  Baneling x2  
  75  5:30  Zergling x12  
  79  5:45  Zergling x18  
  85  5:54  Drone x2  
  86  5:59  Drone  
  82  6:07  Drone  
  82  6:08  Drone x4  
  87  6:12  Drone x2  
  87  6:16  Evolution Chamber  
  87  6:17  Evolution Chamber  
  87  6:20  Hatchery  
  87  6:23  Drone  
  87  6:24  Drone x2  
  89  6:31  Drone  
  89  6:32  Overlord x3  
  90  6:37  Extractor  
  88  6:46  Hatchery, Zerg Melee Weapons Level 1, Zerg Ground Armor Level 1  
  87  6:49  Baneling x3  
  87  6:50  Baneling x4  
  87  6:52  Drone  
  87  6:53  Drone x5  
  93  6:59  Baneling x5  
  93  7:13  Drone x7  
  93  7:14  Drone x2  
  102  7:20  Extractor  
  100  7:23  Zergling x2  
  100  7:24  Zergling x10  
  103  7:32  Baneling x11  
  103  7:35  Zergling x18  
  112  7:54  Extractor  
  112  7:56  Drone  
  110  8:00  Zergling x8  
  110  8:01  Zergling x12  
  110  8:03  Unknown  
  110  8:04  Overlord x5  
  110  8:05  Overlord x2  
  116  8:10  Infestation Pit  
  112  8:18  Zergling x12  
  111  8:33  Extractor  
  110  8:37  Drone x17  
  127  8:41  Overseer, Baneling x8  
  127  8:44  Burrow  
  127  8:46  Hive  
  127  8:49  Zerg Melee Weapons Level 2  
  127  9:07  Zergling x2  
  127  9:08  Zergling x42  
  146  9:21  Spire  
  146  9:22  Hatchery, Zerg Ground Armor Level 2  
  144  9:30  Zergling x18  
  144  9:31  Zergling x10  
  158  9:36  Overseer  
  157  9:49  Zergling x26  
  157  9:50  Zergling x6  
  173  9:53  Baneling  
  164  10:17  Adrenal Glands  
  164  10:18  Ultralisk Cavern  
  164  10:20  Zergling x24  
  174  10:22  Overlord x4  
  174  10:24  Baneling x14  
  166  10:36  Nydus Network x2  
  166  10:42  Pathogen Glands  
  164  10:45  Zerg Flyer Weapons Level 1  
  164  10:51  Baneling x3  
  164  10:52  Baneling  
  164  11:09  Chitinous Plating  
  164  11:11  Zerg Melee Weapons Level 3  
  163  11:12  Ultralisk x2  
  175  11:19  Overlord x2  
  175  11:20  Overseer x2  
  172  11:32  Ultralisk  
  168  11:39  Ultralisk  
  172  11:51  Zergling x58  
  200  11:56  Overseer  
  200  12:07  Zerg Ground Armor Level 3  
  198  12:14  Overseer  
  198  12:23  Baneling  
  194  12:56  Extractor  
  194  12:57  Drone x3  
  194  12:58  Drone x3, Corruptor  
  199  13:06  Nydus Canal  
  199  13:08  Nydus Canal  
  185  13:26  Corruptor  
  185  13:27  Corruptor x7  
  157  13:32  Nydus Canal x2  
  164  13:35  Corruptor x2  
  164  13:39  Ultralisk x3  
  174  13:48  Baneling x7  
  174  13:51  Drone x3  
  174  13:52  Extractor  
  176  13:58  Zerg Flyer Weapons Level 2  
  176  14:04  Zergling x42  
  176  14:06  Hatchery  
  196  14:17  Extractor  
  196  14:21  Hatchery  
  194  14:33  Baneling  
  194  14:34  Hatchery, Baneling x20  
  189  14:56  Nydus Canal  
  189  14:58  Nydus Canal  
  159  15:08  Corruptor x2  
  159  15:09  Corruptor x3  
  159  15:13  Spire  
  168  15:16  Pneumatized Carapace  
  160  15:25  Zergling x14  
  160  15:26  Zergling x64  
  190  15:33  Corruptor x4  
  190  15:34  Corruptor  
  193  16:04  Baneling x21  
  193  16:10  Drone x4  
  193  16:11  Extractor  
  196  16:19  Greater Spire  
  196  16:22  Zergling x8  
  200  16:26  Baneling x26  
  172  17:12  Zergling x2  
  172  17:13  Zergling x58  
  199  17:23  Extractor  
  198  17:31  Neural Parasite  
  198  17:37  Hatchery  
  197  17:50  Infestor x5  
  197  18:03  Corruptor  
  199  18:09  Hatchery  
  199  18:12  Extractor  
  197  18:34  Overlord x2  
  197  18:35  Corruptor  
  199  18:48  Overseer  
  199  18:50  Overseer  
  199  18:55  Zergling x10  
  195  19:00  Zerg Missile Weapons Level 1  
  195  19:01  Zerg Flyer Armor Level 1, Zerg Flyer Weapons Level 3  
  190  19:33  Ultralisk  
  190  19:36  Zergling x38  
  190  19:37  Zergling x8  
  193  19:45  Corruptor x5  
  187  19:52  Brood Lord  
  182  20:15  Brood Lord x5  
  182  20:16  Brood Lord x4  
  193  20:48  Corruptor x4  
  199  20:58  Nydus Canal  
  199  20:59  Nydus Canal  
  199  21:04  Spore Crawler  
  199  21:05  Spore Crawler  
  199  21:07  Baneling  
  199  21:08  Baneling x23  
  199  21:09  Baneling x3  
  197  21:11  Spore Crawler  
  197  21:14  Zerg Flyer Armor Level 2  
  196  21:31  Overseer x4  
  161  21:56  Ultralisk x4  
  161  21:59  Zergling x22  
  161  22:00  Zergling x26  
  195  22:19  Baneling x22  
  195  22:20  Baneling x17  
  191  22:23  Brood Lord x3  
  191  22:24  Corruptor  
  199  22:34  Overseer  
  195  22:58  Extractor  
  194  23:01  Extractor  
  194  23:02  Infestor x2  
  194  23:03  Infestor  
  198  23:16  Drone  
  198  23:36  Corruptor  
  200  23:49  Overlord x2  
  200  23:51  Overseer  
  200  23:53  Spore Crawler  
  198  23:56  Spine Crawler  
  198  23:57  Spine Crawler  
  189  24:18  Ultralisk  
  189  24:20  Zergling x2, Overlord x2  
  189  24:21  Zergling x6  
  173  24:52  Ultralisk x4  
  170  24:56  Corruptor x3  
  170  24:59  Infestor x4  
  182  25:03  Zergling x36  
  200  25:11  Overlord  
  200  25:12  Overlord x2  
  200  25:25  Overlord x3  
  200  25:42  Baneling x9  
  198  25:48  Overlord x4  
  195  25:57  Ultralisk, Overlord  
  197  26:02  Zergling x10  
  197  26:03  Zergling x48  
  192  26:12  Corruptor x3  
  195  26:28  Corruptor x2  
  199  26:38  Baneling x8  
  199  26:46  Overlord x4  
  199  26:47  Overlord, Overseer x2  
  198  26:48  Overseer x4  
  192  26:59  Corruptor  
  192  27:00  Corruptor x5  
Show
View Real Time Build Order
Export as new Build Order

MrRager Terran 

Build Orders:  

Get SALT Encoding   

  12  0:00  SCV  
  13  0:13  SCV  
  14  0:17  Supply Depot  
  14  0:25  SCV  
  15  0:38  SCV  
  15  0:40  Barracks  
  16  0:50  SCV  
  17  0:59  Refinery  
  17  1:03  SCV  
  18  1:15  SCV  
  19  1:28  Orbital Command  
  19  1:29  Marine  
  20  1:37  Command Center  
  20  1:44  Supply Depot  
  20  1:47  Marine  
  21  1:54  SCV  
  22  2:06  SCV  
  23  2:08  Barracks Reactor, Barracks  
  23  2:16  Refinery  
  23  2:18  SCV  
  24  2:30  SCV  
  24  2:32  Factory  
  25  2:43  SCV  
  25  2:45  Marine x2  
  25  2:48  Orbital Command  
  27  2:55  SCV, Barracks Tech Lab  
  28  3:02  Marine  
  28  3:03  Marine  
  30  3:07  SCV  
  31  3:14  Stimpack, Marine  
  31  3:15  SCV  
  31  3:19  SCV  
  33  3:20  Marine x2  
  35  3:27  Starport  
  35  3:32  SCV, Marine  
  35  3:33  Factory Reactor  
  37  3:37  SCV  
  38  3:41  Marine  
  38  3:42  Marine  
  38  3:44  Supply Depot  
  38  3:45  SCV  
  41  3:49  SCV  
  42  3:56  Marine  
  42  3:57  SCV  
  42  4:01  SCV  
  42  4:02  Marine  
  46  4:03  Supply Depot  
  46  4:05  Marine  
  46  4:09  SCV  
  48  4:13  SCV  
  48  4:14  Marine  
  48  4:16  Factory Tech Lab  
  48  4:17  Medivac x2  
  54  4:20  Supply Depot  
  54  4:24  Marine  
  54  4:25  SCV  
  54  4:27  SCV  
  54  4:29  Marine  
  58  4:34  Marine  
  58  4:37  SCV  
  60  4:42  Command Center, Marine  
  60  4:44  SCV  
  62  4:47  Marine  
  62  4:50  SCV  
  62  4:52  Supply Depot  
  64  4:58  Marine  
  65  5:00  Combat Shield  
  65  5:01  SCV  
  65  5:03  Engineering Bay  
  65  5:05  Siege Tank  
  65  5:06  Engineering Bay  
  69  5:07  SCV  
  69  5:11  Supply Depot  
  70  5:15  Refinery, Marine  
  70  5:16  Refinery  
  70  5:18  Marine  
  70  5:19  Marine  
  73  5:21  SCV  
  73  5:22  SCV  
  75  5:33  SCV  
  75  5:35  SCV  
  77  5:37  Marine  
  77  5:39  Marine x2  
  77  5:40  Siege Tank  
  83  5:43  Terran Infantry Weapons Level 1, Terran Infantry Armor Level 1  
  83  5:45  SCV  
  83  5:47  SCV  
  79  5:55  Marine  
  79  5:57  SCV, Marine x2  
  81  6:09  SCV  
  82  6:12  Medivac, Siege Tank  
  82  6:13  Marine  
  82  6:14  Marine  
  82  6:15  Marine  
  82  6:16  SCV, Barracks  
  91  6:19  Barracks  
  91  6:24  Medivac  
  92  6:27  Supply Depot  
  92  6:31  Marine  
  92  6:32  Supply Depot, Marine  
  91  6:33  Marine  
  91  6:36  SCV  
  91  6:37  Orbital Command  
  94  6:40  SCV  
  95  6:48  SCV, Marine  
  95  6:50  Marine  
  95  6:51  Marine  
  95  6:52  SCV  
  100  6:56  Supply Depot  
  100  6:57  Supply Depot  
  100  7:01  SCV  
  100  7:02  Armory  
  100  7:03  SCV  
  100  7:04  SCV  
  100  7:06  Barracks Reactor x2, Marine  
  100  7:08  Marine  
  105  7:09  Marine  
  105  7:11  Siege Tank  
  105  7:13  SCV  
  105  7:15  SCV  
  111  7:16  SCV  
  112  7:24  Marine  
  112  7:25  SCV  
  112  7:26  Marine x2  
  112  7:27  SCV  
  112  7:28  SCV  
  115  7:34  Factory  
  115  7:35  Missile Turret  
  115  7:36  Missile Turret  
  115  7:37  SCV, Refinery  
  115  7:39  SCV, Refinery  
  115  7:40  SCV  
  115  7:41  Bunker  
  115  7:42  Marine  
  115  7:43  Marine  
  120  7:44  Marine  
  120  7:45  Marine  
  120  7:46  Marine  
  123  7:53  Marine  
  123  7:56  Terran Vehicle Weapons Level 1  
  123  7:57  Marine  
  125  7:59  Command Center  
  125  8:00  Marine  
  125  8:01  Marine  
  125  8:02  Marine  
  125  8:03  Marine x2  
  129  8:10  Terran Infantry Armor Level 2, Terran Infantry Weapons Level 2  
  129  8:11  Marine  
  129  8:15  Marine  
  129  8:19  Marine x2  
  129  8:22  Factory Tech Lab, Marine, Siege Tank  
  133  8:32  Sensor Tower  
  133  8:33  Marine x3  
  133  8:34  Supply Depot  
  136  8:36  Supply Depot  
  136  8:37  Medivac x2  
  140  8:41  SCV  
  141  8:52  Concussive Shells  
  141  8:54  Ghost Academy  
  141  8:55  SCV x3, Marine x2, Siege Tank  
  149  8:58  Supply Depot  
  149  9:00  Supply Depot  
  149  9:01  Marine  
  149  9:02  Marine x2  
  152  9:05  Marine  
  152  9:07  SCV x3  
  153  9:17  Marine x2  
  153  9:19  SCV x2, Barracks  
  153  9:20  Marine, Barracks x2  
  153  9:21  Marine  
  159  9:26  Siege Tank  
  162  9:35  Marine, Starport  
  163  9:39  Marine, Starport  
  163  9:43  SCV x2  
  167  9:45  SCV  
  167  9:50  Siege Tank  
  167  9:52  Terran Vehicle Weapons Level 2  
  170  9:59  Unknown, Fusion Core  
  170  10:00  Enhanced Shockwaves  
  170  10:03  Siege Tank  
  170  10:04  Marine  
  174  10:09  Orbital Command  
  174  10:10  Marine x2  
  174  10:14  Marine  
  174  10:16  Marine, Sensor Tower  
  174  10:20  Barracks Tech Lab x3  
  177  10:21  Starport Reactor  
  177  10:28  Liberator  
  182  10:33  Terran Infantry Weapons Level 3  
  180  10:45  Command Center  
  180  10:50  Marine  
  181  11:02  Command Center  
  185  11:06  Unknown  
  187  11:14  Advanced Ballistics, Supply Depot  
  187  11:27  Unknown x2  
  187  11:29  Barracks Tech Lab  
  186  11:33  Barracks Tech Lab  
  186  11:34  Refinery  
  186  11:37  Unknown, Refinery  
  188  11:52  Liberator  
  193  11:54  Starport Reactor  
  193  11:56  Unknown  
  193  11:57  Unknown  
  193  11:59  Armory, Unknown  
  195  12:01  Orbital Command  
  195  12:04  Marine  
  195  12:05  Unknown  
  187  12:20  Unknown  
  187  12:21  Command Center  
  195  12:24  Unknown  
  195  12:35  Planetary Fortress  
  197  12:40  Terran Infantry Armor Level 3  
  197  12:41  Marine  
  192  12:45  Unknown  
  192  12:46  Marauder, Marine x2  
  192  12:49  Unknown x2  
  192  12:50  Unknown  
  188  12:55  Command Center  
  188  12:56  Medivac  
  191  13:01  Missile Turret  
  191  13:03  Unknown  
  191  13:04  Missile Turret  
  189  13:06  Missile Turret x2  
  189  13:08  Orbital Command, Missile Turret x2  
  189  13:09  Missile Turret  
  189  13:10  Missile Turret x2  
  189  13:18  Unknown  
  186  13:20  Orbital Command  
  186  13:24  Unknown  
  163  13:31  SCV  
  165  13:39  SCV, Marauder, Marine  
  165  13:40  SCV x2  
  171  13:42  Marine  
  171  13:43  Marauder  
  171  13:45  Liberator x3  
  181  13:57  Missile Turret  
  181  13:58  Unknown  
  181  13:59  Missile Turret  
  181  14:00  Missile Turret, Marine  
  181  14:01  Marauder  
  181  14:02  Marine  
  184  14:03  Marauder  
  184  14:09  Unknown  
  189  14:20  Command Center  
  189  14:37  Missile Turret  
  189  14:38  Unknown, Refinery  
  193  14:39  Missile Turret  
  193  14:40  Missile Turret  
  193  14:41  Missile Turret  
  189  14:52  Orbital Command  
  189  15:00  Unknown x2  
  187  15:10  Command Center  
  187  15:11  Marine x2  
  187  15:23  Marine  
  187  15:24  Marauder  
  187  15:28  Marauder, Marine  
  193  15:32  Liberator x3  
  199  15:42  Orbital Command  
  199  15:56  Barracks Tech Lab  
  197  15:58  Siege Tank x2  
  200  16:07  Terran Ship Weapons Level 1  
  200  16:09  Nuke  
  200  16:13  Terran Vehicle And Ship Armor Level 1  
  200  16:31  Sensor Tower  
  200  16:41  Command Center  
  200  16:47  Refinery  
  149  17:11  Marauder, Marine x3  
  149  17:12  Marauder, Marine  
  149  17:15  Siege Tank x2  
  163  17:18  Command Center  
  163  17:20  SCV x2  
  165  17:38  Personal Cloaking  
  155  17:55  Sensor Tower  
  148  18:04  Liberator x4  
  148  18:05  Unknown, Liberator  
  163  18:10  Siege Tank x2  
  163  18:12  Planetary Fortress  
  169  18:13  Missile Turret  
  169  18:14  Missile Turret  
  169  18:16  Missile Turret  
  169  18:17  Missile Turret  
  169  18:19  Missile Turret x2  
  169  18:22  Terran Ship Weapons Level 2  
  169  18:24  Terran Vehicle And Ship Armor Level 2  
  169  18:32  Hi-Sec Auto Tracking, Neosteel Armor  
  168  18:41  Sensor Tower  
  167  19:05  SCV x3, Orbital Command  
  167  19:06  SCV x3  
  169  19:11  Marine x2  
  169  19:12  Marine  
  169  19:13  Unknown x2, Marine  
  169  19:15  Orbital Command  
  172  19:17  SCV  
  172  19:18  Marine  
  172  19:19  Marine  
  172  19:23  SCV x2  
  177  19:27  Orbital Command  
  167  19:32  SCV x3  
  167  19:37  SCV  
  170  19:39  SCV  
  171  19:49  SCV  
  171  19:52  SCV x2  
  171  19:54  Marine  
  171  19:57  SCV  
  173  20:06  Marine  
  155  20:15  Marine  
  155  20:16  Marauder x2  
  155  20:17  Marauder, Marine  
  155  20:20  Marine  
  162  20:21  Marauder  
  162  20:22  Sensor Tower  
  162  20:23  Orbital Command  
  162  20:30  Marine  
  162  20:34  Marine  
  162  20:35  Marauder  
  166  20:37  Marauder  
  160  20:48  SCV x3, Unknown  
  163  20:50  Terran Ship Weapons Level 3, Terran Vehicle And Ship Armor Level 3  
  163  20:53  Marine  
  163  20:54  Marauder  
  166  21:03  Marine  
  169  21:04  Marauder  
  169  21:13  SCV  
  169  21:14  Command Center  
  170  21:19  Marine  
  170  21:20  Marauder  
  169  21:25  Marine  
  169  21:26  Marauder  
  169  21:27  Marine  
  169  21:29  Liberator  
  169  21:31  Marine  
  177  21:34  SCV  
  177  21:37  SCV  
  177  21:38  Marine  
  174  21:53  Marauder, Marine  
  177  21:59  Marine  
  177  22:00  Marauder  
  171  22:31  Marine x2  
  171  22:32  Marauder, Nuke  
  175  22:37  Marine  
  175  22:38  Marauder  
  175  22:44  SCV x2, Marine  
  179  22:45  Marauder  
  183  23:01  Marine  
  183  23:04  Marauder, Marine  
  186  23:16  Refinery, Command Center  
  186  23:25  Marine  
  187  23:30  Marine  
  187  23:31  Marauder  
  190  23:35  Orbital Command  
  190  24:02  Unknown  
  188  24:14  SCV x3  
  191  24:18  Nuke  
  191  24:32  Missile Turret  
  191  24:33  Missile Turret  
  191  24:35  Liberator  
  191  24:36  Liberator  
  199  24:40  SCV, Refinery  
  171  24:46  Viking x2  
  171  24:52  Viking, Missile Turret  
  170  24:58  Marine x2  
  170  24:59  Viking  
  175  25:03  Unknown  
  175  25:04  Marine  
  161  25:08  SCV x2, Orbital Command  
  161  25:14  Unknown x3, Marauder, Marine  
  156  25:16  Viking  
  156  25:18  Refinery, Marine  
  155  25:24  Unknown x2  
  155  25:27  Marauder, Marine  
  149  25:30  Viking  
  141  25:43  Unknown  
  141  25:47  Viking  
  140  25:51  Unknown  
  129  26:02  Marine  
  129  26:03  Marauder x3, Marine  
  117  26:04  Cyclone  
  117  26:06  Liberator  
  94  26:20  Viking, Marine  
  94  26:21  Marine  
  94  26:25  Marauder  
  104  26:28  SCV  
  104  26:32  Unknown x3, Marauder, Marine x2  
  109  26:38  Marine  
  109  26:39  SCV, Marine  
  110  26:40  SCV  
  110  26:46  Marauder  
  108  26:49  Marine  
  108  26:50  Marine  
  108  26:51  SCV  
  108  26:52  Marine  
  108  26:53  Unknown x2, Marauder  
  108  26:55  SCV  
  71  27:09  Marauder, Marine  
Tags
 
Add a new tag
Caveats
  • Supply blocks, unpowered buildings, or Contaminate may cause inaccurate times.
  • Supply counts are checked every 10 seconds.